Map: New Gettysburg LE

Players

johny

  • Race: Zerg Zerg
  • League: Silver

Nickos - Winner!

  • Race: Terran Terran
  • League: Gold

VOD

Have the link to the VOD?

Description

Time

  • Played on: Sept. 9, 2016, 5:10 a.m.
  • Length: 15:09
Show
View Real Time Build Order
Export as new Build Order

johny Zerg 

Build Orders: Pool First, Zergling Baneling 

Get SALT Encoding   

  12  0:02  Drone  
  13  0:10  Drone  
  14  0:18  Overlord  
  14  0:38  Drone, Spawning Pool  
  14  0:44  Drone  
  14  0:48  Extractor  
  14  0:49  Drone  
  15  1:16  Hatchery  
  14  1:25  Zergling x6  
  17  1:43  Zergling x2  
  17  1:45  Queen  
  20  1:52  Drone  
  21  2:00  Metabolic Boost  
  21  2:08  Zergling x2  
  19  2:54  Drone x2  
  19  2:55  Drone  
  22  3:02  Baneling Nest  
  22  3:04  Drone x3  
  24  3:23  Zergling x2  
  24  3:26  Zergling x4  
  27  3:44  Overlord x2  
  27  4:02  Queen  
  29  4:06  Baneling x7  
  29  4:14  Hatchery  
  28  4:22  Zergling x2  
  28  4:23  Zergling x10  
  34  4:29  Zergling x2  
  34  4:30  Zergling x4  
  37  4:33  Baneling  
  37  4:34  Baneling x3  
  37  4:43  Evolution Chamber  
  36  4:53  Zergling x2  
  36  4:54  Zergling x6  
  36  4:58  Baneling x3  
  36  4:59  Baneling x3  
  40  5:02  Zergling x2  
  40  5:03  Zergling x2  
  31  5:27  Zergling x10  
  31  5:38  Baneling x4  
  31  5:40  Zergling x8  
  35  5:46  Extractor  
  35  5:47  Drone  
  35  5:48  Drone  
  26  6:17  Drone  
  26  6:18  Drone x6  
  32  6:25  Spore Crawler  
  31  6:27  Spore Crawler  
  28  6:33  Drone  
  28  6:34  Drone  
  28  6:36  Zergling x2  
  31  6:44  Zerg Ground Armor Level 1  
  31  6:55  Zergling x8  
  35  7:07  Drone  
  35  7:08  Drone x4  
  40  7:16  Spore Crawler  
  38  7:43  Lair  
  38  7:48  Roach Warren  
  36  7:56  Drone  
  36  7:57  Drone x2  
  34  8:16  Spore Crawler  
  32  8:57  Hydralisk Den  
  32  9:02  Roach  
  33  9:03  Roach x5  
  33  9:06  Extractor  
  33  9:08  Extractor  
  41  9:11  Spine Crawler  
  29  9:44  Zergling x2  
  29  9:45  Zergling x16  
  29  9:55  Zergling x10  
  29  9:56  Zergling x2  
  28  10:21  Zergling x16  
  27  10:50  Drone x2  
  27  10:55  Zergling x8  
  33  10:58  Baneling  
  33  10:59  Baneling x2  
  33  11:12  Drone  
  33  11:14  Spore Crawler  
  29  11:25  Baneling x4  
  29  11:38  Hydralisk  
  31  11:45  Baneling  
  31  11:46  Baneling  
  31  11:49  Zergling x10  
  31  11:53  Drone x3  
  39  12:06  Pneumatized Carapace  
  39  12:38  Hydralisk  
  39  12:39  Hydralisk  
  41  12:54  Lurker Den  
  41  12:57  Zergling x6  
  34  13:34  Overseer  
  22  14:21  Lurker  
  22  14:22  Lurker x2  
  25  14:24  Zergling x2  
  25  14:25  Zergling x4  
Show
View Real Time Build Order
Export as new Build Order

Nickos Terran - Winner!

Build Orders: Reaper Expand 

Get SALT Encoding   

  12  0:00  SCV  
  13  0:13  SCV  
  14  0:19  Supply Depot  
  14  0:25  SCV  
  15  0:41  SCV  
  16  0:43  Barracks  
  16  0:46  Refinery  
  16  0:53  SCV  
  17  1:05  SCV  
  18  1:20  SCV  
  19  1:34  Reaper  
  19  1:36  Orbital Command  
  20  1:43  Command Center  
  20  2:00  Supply Depot  
  20  2:02  Barracks  
  20  2:04  SCV  
  21  2:15  Marine  
  21  2:16  SCV  
  22  2:29  SCV  
  23  2:43  SCV  
  24  2:52  Barracks Tech Lab, Barracks Reactor  
  24  2:55  SCV  
  24  2:56  Refinery  
  24  2:57  Factory  
  25  3:07  SCV  
  25  3:16  Stimpack  
  25  3:19  SCV  
  26  3:25  Command Center  
  26  3:28  Marine  
  26  3:29  Marine x2  
  26  3:31  SCV  
  30  3:35  Supply Depot  
  30  3:42  Factory Reactor  
  30  3:43  SCV  
  31  3:56  Marine  
  31  3:57  SCV  
  31  4:01  Starport, Marine  
  31  4:02  Marine  
  35  4:14  Bunker, Marine  
  35  4:16  Supply Depot  
  36  4:19  Supply Depot  
  36  4:26  SCV  
  36  4:27  Liberator  
  36  4:29  Marine x2  
  39  4:36  Widow Mine  
  39  4:38  SCV  
  42  4:39  Bunker  
  45  4:48  Marine  
  45  4:50  SCV  
  47  4:54  Marine  
  47  4:56  Widow Mine  
  50  5:02  SCV  
  51  5:13  Marine  
  53  5:14  Marine  
  54  5:25  Marine  
  54  5:27  SCV  
  49  5:32  Marine  
  49  5:33  Medivac  
  52  5:39  SCV  
  53  5:43  Marine  
  54  5:50  Marine  
  54  5:51  SCV  
  56  6:00  Marine  
  56  6:03  Medivac, SCV  
  60  6:08  Marine  
  51  6:18  Marine  
  51  6:25  Widow Mine x2, Marine  
  54  6:30  SCV  
  58  6:33  Orbital Command  
  58  6:36  Marine  
  59  6:42  SCV  
  59  6:43  Marine  
  61  6:53  Widow Mine x2  
  61  6:54  Marine  
  63  6:57  Supply Depot  
  66  7:01  Marine  
  66  7:06  SCV x2  
  69  7:12  Marine  
  69  7:14  Starport Reactor  
  70  7:18  SCV x2  
  70  7:19  Marine  
  73  7:27  Supply Depot  
  73  7:28  Supply Depot  
  73  7:29  Marine  
  73  7:31  SCV x2  
  73  7:37  Marine  
  76  7:43  SCV  
  78  7:45  Barracks  
  78  7:48  Marine  
  78  7:50  Factory Tech Lab  
  79  7:54  Barracks, Marine  
  79  7:55  Supply Depot  
  80  8:06  Marine  
  80  8:08  Medivac  
  80  8:12  Marine  
  83  8:16  SCV  
  83  8:17  SCV  
  86  8:24  Marine  
  87  8:30  Marine  
  88  8:37  Medivac  
  90  8:42  Marine  
  90  8:47  Medivac  
  90  8:48  Marine  
  90  8:57  SCV x2  
  90  8:59  Marine  
  93  9:06  Marine  
  93  9:07  Medivac  
  93  9:08  Siege Tank  
  93  9:09  SCV x2  
  101  9:17  Marine  
  102  9:25  Marine  
  102  9:26  SCV  
  97  9:35  Marine  
  96  9:43  Marine  
  92  9:53  Medivac x2, Marine  
  97  10:01  Marine  
  98  10:11  Marine  
  97  10:19  Marine  
  97  10:22  Medivac  
  97  10:23  Medivac  
  101  10:28  Marine  
  97  10:37  Marine  
  91  10:46  Marine  
  89  10:52  Medivac  
  89  10:53  Medivac  
  89  10:54  Marine  
  94  11:04  Marine  
  95  11:12  Marine  
  96  11:22  Medivac, Marine  
  96  11:23  Medivac  
  98  11:29  Barracks x4  
  98  11:30  Marine  
  99  11:36  Command Center  
  99  11:40  Marine  
  99  11:44  Command Center  
  100  11:48  SCV, Marine  
  100  11:51  Supply Depot  
  100  11:52  Supply Depot  
  102  11:54  Supply Depot  
  102  12:01  Barracks Tech Lab  
  102  12:12  Marine x2  
  102  12:13  Medivac, SCV  
  107  12:23  Marine x5  
  109  12:30  Marine x2  
  111  12:40  Marine  
  111  12:41  Barracks, Marine x4  
  111  12:42  Barracks  
  116  12:48  Marine x2  
  116  12:52  Orbital Command  
  116  12:58  Marine x2  
  116  12:59  Marine x3  
  116  13:05  Orbital Command  
  121  13:06  Marine  
  121  13:08  Marine  
  123  13:16  Marine x3  
  123  13:17  Marine x2  
  128  13:24  Marine  
  128  13:26  Marine  
  115  13:34  Marine x4  
  115  13:35  Marine  
  120  13:42  Marine  
  120  13:43  Marine  
  120  13:45  SCV x2  
  124  13:52  Marine x4  
  124  13:53  Marine  
  129  13:59  Marine  
  129  14:01  Marine  
  131  14:09  Marine  
  126  14:10  Marine x4  
  102  14:17  Marine  
  102  14:19  Marine  
  104  14:27  Marine  
  104  14:28  Marine x4  
  106  14:35  Marine  
  106  14:37  Marine  
  108  14:45  Marine x2  
  103  14:46  Marine x3  
Tags
 
Add a new tag
Caveats
  • Supply blocks, unpowered buildings, or Contaminate may cause inaccurate times.
  • Supply counts are checked every 10 seconds.